Map: Dynasty LE

Players

ShoWTimE

  • Race: Protoss Protoss
  • League: Master
  • Spawn Location: 7:00

Kelazhur - Winner!

  • Race: Terran Terran
  • League: Master
  • Spawn Location: 1:00

Event: HomeStory Cup XXV

VOD

Have the link to the VOD?

Description

Time

  • Played on: June 22, 2024, 7:50 a.m.
  • Length: 4:55

All games in this series

Show
View Real Time Build Order
Export as new Build Order

ShoWTimE Protoss 

Build Orders: 1 Gate Expand 

Get SALT Encoding   

  12  0:00  Probe  
  13  0:12  Probe  
  14  0:17  Pylon  
  14  0:24  Probe  
  15  0:35  Gateway  
  15  0:36  Probe (Chrono Boost)  
  16  0:46  Assimilator, Probe (Chrono Boost)  
  17  0:51  Probe (Chrono Boost)  
  18  1:03  Probe  
  19  1:15  Probe  
  20  1:23  Cybernetics Core  
  20  1:33  Nexus  
  20  1:36  Probe  
  21  1:41  Pylon  
  21  1:48  Probe  
  21  1:50  Assimilator  
  22  1:58  Stalker (Chrono Boost)  
  22  2:00  Probe  
  25  2:04  Warp Gate  
  25  2:13  Probe  
  26  2:21  Stalker (Chrono Boost)  
  27  2:25  Probe  
  27  2:37  Probe  
  28  2:46  Twilight Council, Probe  
  28  2:49  Probe  
  30  2:57  Sentry  
  33  2:58  Probe  
  33  3:01  Probe  
  34  3:07  Gateway  
  34  3:10  Probe  
  35  3:13  Probe  
  35  3:19  Pylon  
  36  3:22  Probe  
  36  3:25  Probe  
  38  3:34  Probe  
  38  3:37  Probe  
  40  3:47  Probe  
  40  3:48  Robotics Facility  
  41  3:49  Probe  
  41  3:52  Stalker  
  44  3:59  Probe  
  44  4:01  Stalker  
  47  4:05  Probe  
  47  4:06  Cybernetics Core  
  47  4:08  Pylon  
  48  4:11  Probe  
  49  4:17  Probe, Pylon  
  49  4:21  Assimilator, Pylon  
  49  4:23  Probe  
  51  4:32  Pylon  
  55  4:43  Stalker x2  
Show
View Real Time Build Order
Export as new Build Order

Kelazhur Terran - Winner!

Build Orders: 1/1/1, Cyclone Opening 

Get SALT Encoding   

  12  0:00  SCV  
  13  0:12  SCV  
  14  0:18  Supply Depot  
  14  0:24  SCV  
  15  0:40  SCV, Barracks  
  16  0:46  Refinery  
  16  0:52  SCV  
  16  0:55  Refinery  
  18  1:04  SCV  
  18  1:16  SCV  
  19  1:27  Reaper  
  19  1:28  Orbital Command  
  19  1:32  Supply Depot  
  20  1:44  Factory  
  20  1:53  SCV  
  21  2:05  SCV, Barracks Reactor  
  22  2:18  SCV  
  23  2:28  Cyclone  
  23  2:29  Starport  
  25  2:30  SCV  
  26  2:39  Supply Depot  
  26  2:42  SCV  
  26  2:43  Marine  
  26  2:44  Marine  
  30  3:01  Supply Depot, Cyclone  
  30  3:03  Marine x2  
  33  3:07  Medivac  
  35  3:21  Marine x2  
  35  3:24  SCV  
  38  3:34  Supply Depot  
  38  3:36  Liberator  
  38  3:38  Factory Tech Lab  
  38  3:39  Marine x2  
  43  3:57  Marine x2  
  45  4:05  Siege Tank  
  45  4:09  Supply Depot  
  48  4:20  Marine x2  
  48  4:23  Supply Depot  
Tags
 
Add a new tag
Caveats
  • Supply blocks, unpowered buildings, or Contaminate may cause inaccurate times.
  • Supply counts are checked every 10 seconds.